 Dungeon Crawl Stone Soup version 0.24-a0-317-g5cb8de4 (webtiles) character file.

Game seed: 2627140096231420669

567 Borgoz the Slasher (level 7, -5/60 HPs)
             Began as a Hill Orc Gladiator on May 16, 2019.
             Killed from afar by a white imp (15 damage)
             ... with a puff of frost
             ... summoned by Eustachio
             ... on level 4 of the Dungeon.
             The game lasted 00:07:09 (3565 turns).

Borgoz the Slasher (Hill Orc Gladiator)             Turns: 3565, Time: 00:07:10

Health: -5/60      AC: 10    Str: 22      XL:     7   Next: 33%
Magic:  7/7        EV:  9    Int:  8      God:
Gold:   73         SH:  0    Dex: 13 (14) Spells: 6/6 levels left

rFire    + . .     SeeInvis .   a - +0 long sword
rCold    . . .     Gourm    .   (no shield)
rNeg     . . .     Faith    .   n - +0 chain mail
rPois    .         Spirit   .   c - +0 helmet
rElec    .         Reflect  .   (no cloak)
rCorr    .         Harm     .   (no gloves)
MR       .....                  (no boots)
Stlth    ..........             (no amulet)
HPRegen  0.20/turn              k - ring of protection from fire
MPRegen  0.10/turn              (no ring)

@: mighty
A: no striking features
a: no special abilities


You were on level 4 of the Dungeon.
You were not hungry.

You visited 1 branch of the dungeon, and saw 5 of its levels.

You collected 73 gold pieces.

Inventory:

Hand Weapons
 a - a +0 long sword (weapon)
Armour
 c - a +0 helmet (worn)
 n - a +0 chain mail (worn)
Jewellery
 k - a ring of protection from fire (left hand)
Wands
 q - a wand of random effects (10)
Scrolls
 e - a scroll of amnesia {unknown}
 g - 3 scrolls of remove curse
 h - 4 scrolls of teleportation
 i - a scroll of fear
 o - a scroll of fog {unknown}
 p - a scroll of enchant armour
Potions
 b - a potion of flight {unknown}
 j - a potion of haste {unknown}
 l - a potion of magic
Comestibles
 d - a chunk of flesh
 f - 6 rations


   Skills:
 + Level 4.6 Fighting
 * Level 6.1 Long Blades
 - Level 2.1 Throwing
 + Level 3.1 Armour
 + Level 3.7 Dodging


You had 6 spell levels left.
You didn't know any spells.
Your spell library was empty.

Dungeon Overview and Level Annotations

Branches:
Dungeon (5/15)
 Temple: D:4-7

Altars:

Annotations:
D:4 Eustachio


Message History

You slash Eustachio!
Eustachio is moderately wounded.
The adder bites you but does no damage.
The quasit bites you but does no damage.
The quasit claws you but does no damage.
The quasit closely misses you. The white imp barely misses you.
Eustachio zaps a wand.
The puff of flame hits you. You resist.
* * * LOW HITPOINT WARNING * * *
The adder closely misses you.
You slice Eustachio!!
Eustachio is severely wounded.
The quasit bites you.
* * * LOW HITPOINT WARNING * * *
You feel clumsy. The quasit barely misses you.
The quasit claws you but does no damage.
Eustachio hits you but does no damage. The white imp gestures at you.
The puff of frost hits you!
You die...

..........## #.####.[....##....#
...........# #.......#....#S..o.
###.#..###.# ####..#.###...h....
#.##.# #.#######..#.##..>.O....
#.##.# #......##..#.##.#..l..##
##.##.###...............###..#..
#...#..##........##..#### ##o# .
#.>............5S##..# #.#
##...##........#@5###.## #.#
..#######..#...@.)...... ..o
...## #...##..###..... #.# ....#
#.#..)...# .#... ..@
....#####.#......# .#### #..
....##....#..[......#
.......####......##.# ...#####
##.....# # ....# ####..#


You could see Eustachio, a quasit, an adder and a white imp.

Vanquished Creatures
  A centaur (D:5)
  A howler monkey (D:5)
  3 orc priests
  An iguana (D:4)
  3 orc wizards
  Terence (D:2)
  2 worker ants
  7 adders
  A gnoll (D:1)
  5 worms
  2 dart slugs (D:1)
  2 leopard geckos
  12 orcs
  5 giant cockroaches
  10 goblins
  4 hobgoblins
  3 jackals (D:2)
  3 quokkas
  12 bats
  3 frilled lizards
  5 kobolds
  9 rats
95 creatures vanquished.

Notes
Turn   | Place    | Note
-------+----------+-------------------------------------------
     0 | D:1      | Borgoz the Hill Orc Gladiator began the quest for the Orb.
     0 | D:1      | Reached XP level 1. HP: 18/18 MP: 1/1
    24 | D:1      | Reached XP level 2. HP: 11/25 MP: 2/2
   324 | D:1      | You fall through a shaft!
   347 | D:2      | Reached XP level 3. HP: 19/30 MP: 3/3
   380 | D:2      | Reached skill level 4 in Long Blades
   703 | D:2      | Reached XP level 4. HP: 32/38 MP: 4/4
   741 | D:2      | Reached skill level 1 in Armour
   875 | D:2      | Noticed Terence
   888 | D:2      | Killed Terence
  1419 | D:2      | Reached XP level 5. HP: 45/45 MP: 5/5
  2346 | D:3      | Reached skill level 5 in Long Blades
  2346 | D:3      | Reached XP level 6. HP: 8/52 MP: 6/6
  2966 | D:4      | Noticed Eustachio
  2970 | D:5      | Entered Level 5 of the Dungeon
  3411 | D:5      | Reached XP level 7. HP: 44/60 MP: 7/7
  3559 | D:4      | Reached skill level 6 in Long Blades
  3565 | D:4      | Killed from afar by a white imp

Levels and vault maps discovered:
D:1:      wander_arrival_chamber, layout_loops_ring
D:2:      layout_basic, uniq_terence
D:3:      layout_rooms
D:4:      layout_rooms, nicolae_overflow_quartered_altars, first_ration,
          tgw_kikubaaqudgha, uniq_eustachio, uniq_natasha
D:5:      layout_rooms, grunt_temple_overflow_open

Skill      XL: |  1  2  3  4  5  6  7 |
---------------+----------------------+-----
Throwing       | 2 |  2.1
Fighting       | 3 4 |  4.6
Long Blades    | 4 5 6 |  6.1
Armour         | 1 2 3 |  3.1
Dodging        | 3 |  3.7

Action                   |  1- 3 |  4- 6 |  7- 9 || total
-------------------------+-------+-------+-------++-------
Melee: Long sword        |    59 |   259 |    37 ||   355
Throw: Throwing net      |       |     5 |       ||     5
  Use: Potion            |     2 |     1 |     1 ||     4
       Scroll            |     1 |     6 |       ||     7
 Stab: Sleeping          |     1 |       |       ||     1
  Eat: Chunk             |       |     9 |       ||     9
Armor: Leather armour    |    20 |       |       ||    20
       Ring mail         |     2 |    10 |       ||    12
       Chain mail        |       |   151 |    31 ||   182
Dodge: Dodged            |    60 |   164 |    30 ||   254
       Rpst.: Long sword |    13 |    54 |     4 ||    71

Table legend:
 A = Non-vault XP
 B = Vault XP
 C = Vault XP percentage of total XP
 D = Non-vault monster count
 E = Vault monster count
 F = Vault count percentage of total count
                 A         B        C        D         E       F
            +---------+---------+-------+---------+---------+-------
      Total |     778 |      32 |   4.0 |      94 |       1 |   1.1
            +---------+---------+-------+---------+---------+-------
        D:1 |      47 |       0 |   0.0 |      19 |       0 |   0.0
        D:2 |     116 |      32 |  21.6 |      31 |       1 |   3.1
        D:3 |     106 |       0 |   0.0 |      22 |       0 |   0.0
        D:4 |     211 |       0 |   0.0 |      10 |       0 |   0.0
        D:5 |     298 |       0 |   0.0 |      12 |       0 |   0.0
            +---------+---------+-------+---------+---------+-------
